 Dungeon Crawl Stone Soup version 0.30.1-11-g7821555f0a (webtiles) character file.

Game seed: 15521540644463324305

506 PaiMei the Grave Robber (level 6, -3/45 HPs)
             Began as a Demonspawn Necromancer on Jan 6, 2024.
             Slain by an ice beast (13 damage)
             ... on level 5 of the Dungeon on Jan 7, 2024.
             The game lasted 00:08:56 (4718 turns).

PaiMei the Grave Robber (Demonspawn Necromancer)    Turns: 4718, Time: 00:08:56

Health: -3/45      AC:  7    Str:  9    XL:     6   Next: 97%
Magic:  5/11       EV: 13    Int: 18    God:
Gold:   262        SH:  0    Dex: 13    Spells: 4/12 levels left

rFire   . . .        o - +0 dagger (speed)
rCold   . . .        (no shield)
rNeg    . . .        a - +0 robe
rPois   .            (no helmet)
rElec   .            d - +0 cloak
rCorr   .            (no gloves)
SInv    .            i - +0 pair of boots
Will    .....        (no amulet)
Stlth   ++           (no ring)
HPRegen 0.27/turn    (no ring)
MPRegen 0.12/turn

%: no passive effects
@: no status effects
A: icy blue scales 2, demonic magic 2
a: no special abilities


You were on level 5 of the Dungeon.
You visited 1 branch of the dungeon, and saw 5 of its levels.

You collected 262 gold pieces.

Inventory:

Hand Weapons
 e - a +0 whip
 o - a +0 dagger of speed (weapon)
 y - a +0 spectral club
 A - a +0 dagger of venom
Missiles
 c - 7 poisoned darts (quivered)
 s - 5 silver javelins
Armour
 a - a +0 robe (worn)
 d - a +0 cloak (worn)
 f - a scarf of harm
 i - a +0 pair of boots (worn)
 B - a +0 buckler
Jewellery
 t - a ring of wizardry
Scrolls
 g - 3 scrolls of identify {unknown}
 h - a scroll of blinking {unknown}
 j - 2 scrolls of silence {unknown}
 l - a scroll of teleportation {unknown}
 n - a scroll of amnesia {unknown}
 p - a scroll of fear {unknown}
 r - a scroll of poison {unknown}
 u - a scroll of immolation {unknown}
 x - 3 scrolls of noise {unknown}
 D - a scroll of magic mapping {unknown}
 E - a scroll of fog {unknown}
Potions
 b - a potion of magic
 k - 2 potions of haste {unknown}
 m - 3 potions of heal wounds {unknown}
 q - a potion of brilliance {unknown}
 v - a potion of degeneration {unknown}
 w - a potion of mutation {unknown}
 z - a potion of flight {unknown}
 C - a potion of curing {unknown}


   Skills:
 + Level 2.3 Fighting
 + Level 3.7 Dodging
 - Level 3.0 Stealth
 + Level 3.8 Spellcasting
 + Level 5.9 Necromancy


You had 4 spell levels left.
You knew the following spells:

 Your Spells              Type           Power      Damage    Failure   Level
a - Necrotise             Necr           96%        1d8       1%          1
b - Vampiric Draining     Necr           24%        2d7       3%          3
c - Animate Dead          Necr           24%        N/A       13%         4

Your spell library contained the following spells:

 Spells                   Type           Power      Damage    Failure   Level
 Sandblast                Erth           6%         2d5       16%         1
 Passwall                 Tmut/Erth      2%         N/A       22%         2
 Stone Arrow              Conj/Erth      6%         3d7       41%         3
 Agony                    Necr           24%        N/A       34%         5


Dungeon Overview and Level Annotations

Branches:
Dungeon (5/15)
 Temple: D:4-7

Altars:
Hepliaklqana

Annotations:
D:2 Sigmund
D:4 Blork the orc, Menkaure


Innate Abilities, Weirdness & Mutations

You are mostly covered in icy blue scales. (AC +3)
Spells you cast may paralyse nearby enemies.


Message History

The helpless ogre fails to defend itself.
You puncture the ogre!
You kill the ogre!
E - a scroll labelled DIACEA TEOSS You open the door. 3 orcs and an orc priest come into view.
An ice beast comes into view.
The orc shouts! x2; The orc priest shouts!
There is an open door here.
The orc shouts!
The orc priest hits you with a +0 hand axe.
The orc priest attacks as you move away!
The orc priest hits you but does no damage.
The ice beast hits you. The ice beast freezes you!
There is an open door here.
The ice beast attacks as you move away!
The ice beast hits you but does no damage.
The ice beast attacks as you move away! The ice beast hits you.
The ice beast freezes you!
The orc priest looks braver for a moment.
Casting: Vampiric Draining (dangerous; 3% risk of failure)
Confirm with . or Enter, or press ? or * to list all spells.
Aiming: Vampiric Draining (dangerous; 3% risk of failure)
Press: ? - help, Shift-Dir - straight line, f - ice beast
Aim: an ice beast You draw life force from the ice beast!
You feel life coursing into your body. Malevolent energies surge around you.
The orc suddenly stops moving!
The ice beast hits you. The ice beast freezes you!
* * * LOW HITPOINT WARNING * * *
The ice beast attacks as you move away! The ice beast closely misses you.
Casting: Vampiric Draining (dangerous; 3% risk of failure)
Confirm with . or Enter, or press ? or * to list all spells.
Aiming: Vampiric Draining (dangerous; 3% risk of failure)
Press: ? - help, Shift-Dir - straight line, f/p - ice beast
Aim: an ice beast (moderately wounded)
You draw life force from the ice beast!
You feel life coursing into your body. Malevolent energies surge around you.
The ice beast hits you.
* * * LOW HITPOINT WARNING * * *
The ice beast freezes you!
You die...

#..........# #.# #....#
#..........# #.# #....#
#..........# #.# #....#
#..........# #.# #....#
##.....)....####.###....#
#................o.oo...+
#...........####.###.o..#
#...........# #Y# #....#
#...........# #@# #....#
#'########### #.# #....#
.....######## #.. .#####
.......)....## ####.
.....######..## . ##
.....# ##..### ... .....#
##...###.... .....#
##......# ###+## #...####
.#


You could see an ice beast and an orc (paralysed).

Vanquished Creatures
  An ogre (D:5)
  2 scorpions
  2 hounds (D:5)
  An orc priest (D:2)
  A sleepcap (D:3)
  An orc wizard (D:2)
  Robin (D:4)
  A gnoll (D:5)
  3 adders
  A shadow imp (D:4)
  2 worms (D:2)
  A dart slug (D:1)
  9 orcs
  8 endoplasms
  3 giant cockroaches
  12 goblins
  7 hobgoblins
  A jackal (D:1)
  3 quokkas
  10 ball pythons
  3 bats
  5 frilled lizards
  6 kobolds
  5 rats
89 creatures vanquished.

Vanquished Creatures (collateral kills)
  A hobgoblin (D:1)
  A ball python (D:1)
2 creatures vanquished.

Grand Total: 91 creatures vanquished

Notes
Turn   | Place    | Note
-------+----------+-------------------------------------------
     0 | D:1      | PaiMei the Demonspawn Necromancer began the quest for the
                  | Orb.
     0 | D:1      | Reached XP level 1. HP: 13/13 MP: 3/3
   353 | D:1      | Found a faded altar of an unknown god.
   460 | D:1      | Gained mutation: You are partially covered in icy blue
                  | scales. (AC +2) [demonic ancestry]
   460 | D:1      | Reached XP level 2. HP: 14/19 MP: 0/5
  1131 | D:2      | Gained mutation: Spells you cast may paralyse adjacent
                  | enemies. [demonic ancestry]
  1131 | D:2      | Reached XP level 3. HP: 24/24 MP: 2/6
  1135 | D:2      | Learned a level 3 spell: Vampiric Draining
  1425 | D:2      | Noticed Sigmund
  1889 | D:2      | Gained mutation: Spells you cast may paralyse nearby
                  | enemies. [demonic ancestry]
  1889 | D:2      | Reached XP level 4. HP: 18/30 MP: 1/7
  1899 | D:2      | Reached skill level 5 in Necromancy
  2368 | D:3      | Reached XP level 5. HP: 35/35 MP: 0/9
  2462 | D:3      | Learned a level 4 spell: Animate Dead
  2649 | D:3      | Found a hazy altar of Hepliaklqana.
  3473 | D:4      | Noticed Robin
  4008 | D:4      | Killed Robin
  4054 | D:4      | Reached skill level 1 in Fighting
  4133 | D:4      | Gained mutation: You are mostly covered in icy blue scales.
                  | (AC +3) [demonic ancestry]
  4133 | D:4      | Reached XP level 6. HP: 28/43 MP: 3/10
  4270 | D:4      | Noticed Blork the orc
  4382 | D:4      | Noticed Menkaure
  4385 | D:5      | Entered Level 5 of the Dungeon
  4709 | D:5      | Noticed an ice beast
  4718 | D:5      | Slain by an ice beast

Illustrated notes

Levels and vault maps discovered:
D:1:      dpeg_arrival_radiant, layout_basic,
          ebering_ecumenical_altar_abandoned, minmay_three_crescents
D:2:      cheibrodos_pilgrimage, layout_basic, minivault_25,
          kennysheep_generic_room_13, uniq_sigmund, uniq_terence
D:3:      layout_loops_corners, worldfamousw_hep_ancestral_shrine
D:4:      kennysheep_spiral_hall, layout_basic, uniq_robin, uniq_menkaure,
          uniq_blork_the_orc
D:5:      layout_basic, kennysheep_slug_shrine, minmay_temple_entry_trees

Skill      XL: |  1  2  3  4  5  6 |
---------------+-------------------+-----
Stealth        | 2 3 |  3.0
Dodging        | 2 3 |  3.7
Necromancy     | 5 |  5.9
Spellcasting   | 3 |  3.8
Fighting       | 1 2 |  2.3

Action                     |  1- 3 |  4- 6 || total
---------------------------+-------+-------++-------
  Melee: Unarmed           |    10 |       ||    10
         Whip              |     4 |       ||     4
         Dagger            |     5 |    56 ||    61
   Cast: Necrotise         |    73 |    68 ||   141
         Vampiric Draining |       |     7 ||     7
   Stab: Paralysed         |     3 |    18 ||    21
 Armour: Robe              |     2 |    17 ||    19
  Dodge: Dodged            |    16 |    25 ||    41
